 Dungeon Crawl Stone Soup version 0.17-a0-1642-gd4b747b (webtiles) character file.

5681 maniek23 the Protected (level 10, -1/91 HPs)
             Began as a Minotaur Fighter on Aug 8, 2015.
             Slain by a five-headed hydra (11 damage)
             ... on level 1 of the Lair of Beasts.
             The game lasted 00:24:08 (9097 turns).

maniek23 the Protected (Minotaur Fighter)           Turns: 9097, Time: 00:24:08

Health: -1/91      AC: 15    Str: 26    XL:     10   Next: 47%
Magic:  11/11      EV: 11    Int:  5    God:
Gold:   501        SH: 12    Dex: 10    Spells: 0 memorised, 9 levels left

rFire  . . .     SeeInvis .     a - +0 war axe
rCold  + . .     Clarity  .     n - +1 ring mail {rC+}
rNeg   . . .     SustAt   +     c - +0 shield
rPois  .         Gourm    .     (helmet restricted)
rElec  .         Spirit   .     T - +2 cloak
rCorr  .         Warding  .     k - +0 pair of gloves
rMut   .         Stasis   .     R - +1 pair of boots
MR     .....                    (no amulet)
Stlth  +.........               r - ring of sustain attributes
                                j - +2 ring of strength

@: hasted, very quick, not resistant to hostile enchantments, very unstealthy
A: retaliatory headbutt, horns 2
a: no special abilities


You were on level 1 of the Lair of Beasts.
You were not hungry.

You visited 3 branches of the dungeon, and saw 10 of its levels.

You collected 501 gold pieces.

Inventory:

Hand weapons
 a - a +0 war axe (weapon)
 o - a +0 trident of protection
 Q - a +1 battleaxe of freezing
Missiles
 w - 7 bolts of flame
 P - a throwing net (quivered)
Armour
 b - a +0 scale mail
 c - a +0 shield (worn)
 k - a +0 pair of gloves (worn)
 n - a +1 ring mail of cold resistance (worn)
 z - a +0 chain mail
 R - a +1 pair of boots (worn)
 T - a +2 cloak (worn)
Jewellery
 j - a +2 ring of strength (left hand)
 r - a ring of sustain attributes (right hand)
Magical devices
 q - a wand of flame (18)
 A - a wand of random effects (18)
 D - a wand of cold (7)
 H - a wand of polymorph (0)
 L - a wand of fire (9)
Scrolls
 f - 2 scrolls of immolation
 g - 2 scrolls of enchant armour
 i - 3 scrolls of recharging {unknown}
 s - a scroll of enchant weapon {unknown}
 u - 3 scrolls of teleportation {unknown}
 y - 3 scrolls of fear {unknown}
 C - 2 scrolls of magic mapping {unknown}
 I - 2 scrolls of remove curse {unknown}
 J - a scroll of amnesia {unknown}
 O - 2 scrolls of identify
Potions
 d - 2 potions of might
 x - 3 potions of curing
 B - a potion of magic {unknown}
 E - a potion of berserk rage {unknown}
 K - a potion of experience {unknown}
 M - a potion of brilliance
 U - a potion of resistance {unknown}
Books
 p - a book of Changes

   Spells                             Type                      Level
   a - Beastly Appendage              Transmutation                1
   b - Sticks to Snakes               Transmutation                2
   c - Spider Form                    Transmutation/Poison         3
   d - Ice Form                       Ice/Transmutation            4
   e - Blade Hands                    Transmutation                5
 N - a book of the Sky

   Spells                             Type                      Level
   a - Summon Lightning Spire         Summoning/Air                4
   b - Airstrike                      Air                          4
   c - Silence                        Hexes/Air                    5
   d - Deflect Missiles               Charms/Air                   6
   e - Conjure Ball Lightning         Conjuration/Air              6
   f - Tornado                        Air                          9
Comestibles
 e - 10 bread rations
 l - 7 beef jerkies
 t - 12 fruits
 v - a royal jelly
 G - 6 meat rations


   Skills:
 + Level 9.3 Fighting
 + Level 9.2 Axes
 + Level 10.0 Armour
 - Level 4.4 Dodging
 - Level 0.3 Stealth
 + Level 9.5 Shields
 + Level 2.6 Evocations


You had 9 spell levels left.
You didn't know any spells.

Dungeon Overview and Level Annotations

Branches:
Dungeon (8/15)             Temple (1/1) D:7            Lair (1/8) D:8

Altars:
Ashenzari
Cheibriados
Dithmenos
Elyvilon
Fedhas
Gozag
Kikubaaqudgha
Makhleb
Nemelex Xobeh
Okawaru
Qazlal
Ru
Trog
Vehumet
Xom
Yredelemnul
Zin
The Shining One


Innate Abilities, Weirdness & Mutations

You reflexively headbutt those who attack you in melee.
You have a pair of horns on your head.


Message History

The five-headed hydra barely misses you.
You block the five-headed hydra's attack.
The five-headed hydra bites you.
* * * LOW HITPOINT WARNING * * *
The five-headed hydra barely misses you.
You block the five-headed hydra's attack.
The five-headed hydra bites you but does no damage.
The five-headed hydra bites you!
* * * LOW HITPOINT WARNING * * *
The five-headed hydra closely misses you.
You block the five-headed hydra's attack.
The five-headed hydra bites you!
* * * LOW HITPOINT WARNING * * *
You see here a scroll labeled KYQATHRUDIRO.
There is a stone staircase leading down here.
Drink which item? (? for menu, Esc to quit)
You feel yourself speed up. The five-headed hydra bites you.
* * * LOW HITPOINT WARNING * * *
The five-headed hydra bites you!
You die...

#...............###?..###
##...............##..##
#...............##.##
#..............##.##
#..............##.##
#P............###.$##
##.........?.###.##.#
##....D.....###.#..###
#....@....###.......#
##.......###.......##
###...####........#
##.####..#......# ###
#...#...#..#
##..###..##.# #..## #.##
## #..## #.. #### ##.


You could see a five-headed hydra.

Vanquished Creatures
  The ghost of maniek23 the Shield-Bearer, an experienced MiFi (D:7)
  2 spiny frogs (Lair:1)
  Sigmund (D:5)
  A wyvern (D:8)
  A basilisk (Lair:1)
  A hungry ghost (D:8)
  3 wolves (Lair:1)
  2 ice beasts
  Duvessa (D:7)
  A phantom (D:7)
  An orc warrior (D:8)
  5 ogres
  4 centaurs
  The ghost of thrall606 the Conjurer, an average DsCj (D:3)
  11 big kobolds
  2 giant frogs (D:6)
  3 scorpions
  A water moccasin skeleton (D:4)
  Dowan (D:7)
  3 killer bees (D:5)
  5 wights (D:7)
  An orc priest (D:8)
  3 crimson imps
  6 hounds
  Crazy Yiuf (D:7)
  A centaur zombie (D:5)
  A giant frog skeleton (D:5)
  3 worker ants
  4 orc wizards
  2 iguanas
  A killer bee zombie (D:5)
  A hound zombie (D:5)
  7 gnolls
  A shadow imp (D:8)
  10 adders
  3 oozes
  3 adder skeletons
  An adder zombie (D:5)
  2 worms
  6 giant geckos
  12 orcs
  7 giant cockroaches
  6 goblins
  14 hobgoblins
  10 jackals
  4 quokkas
  2 ball pythons
  9 bats
  2 giant gecko skeletons
  2 giant newts
  A jackal skeleton (D:5)
  49 kobolds
  6 rats
232 creatures vanquished.

Vanquished Creatures (others)
  An ice beast (D:7)
1 creature vanquished.

Grand Total: 233 creatures vanquished

Notes
Turn   | Place    | Note
--------------------------------------------------------------
     0 | D:1      | maniek23 the Minotaur Fighter began the quest for the Orb.
     0 | D:1      | Reached XP level 1. HP: 19/19 MP: 0/0
    82 | D:1      | Reached XP level 2. HP: 22/27 MP: 1/1
   123 | D:1      | Reached skill level 4 in Shields
   421 | D:1      | Reached XP level 3. HP: 33/33 MP: 2/2
   928 | D:2      | Found an ancient bone altar of Kikubaaqudgha.
  1076 | D:2      | Found a burning altar of Makhleb.
  1076 | D:2      | Noticed a balrug
  1079 | D:2      | Noticed a smoke demon
  1079 | D:2      | Noticed a smoke demon
  1299 | D:2      | Reached XP level 4. HP: 32/40 MP: 3/3
  1326 | D:2      | Found a snail-covered altar of Cheibriados.
  1517 | D:3      | Reached skill level 1 in Dodging
  1530 | D:3      | Noticed thrall606's ghost (average DsCj)
  1548 | D:3      | Killed thrall606's ghost
  1548 | D:3      | Reached XP level 5. HP: 4/47 MP: 4/4
  2329 | D:4      | Reached skill level 5 in Armour
  2340 | D:4      | Reached skill level 5 in Shields
  2442 | D:4      | Reached XP level 6. HP: 42/53 MP: 5/5
  2632 | D:4      | Reached skill level 6 in Armour
  2920 | D:4      | Reached XP level 7. HP: 55/60 MP: 6/6
  3055 | D:4      | Reached skill level 5 in Fighting
  3354 | D:4      | Found an opulent altar of Gozag.
  3355 | D:4      | Found a glowing silver altar of Zin.
  3624 | D:5      | Entered Level 5 of the Dungeon
  3744 | D:5      | Reached skill level 5 in Axes
  3776 | D:5      | Found a radiant altar of Vehumet.
  3880 | D:5      | Found a stormy altar of Qazlal.
  4444 | D:5      | Reached XP level 8. HP: 68/68 MP: 7/7
  4595 | D:5      | Noticed Sigmund
  4659 | D:5      | Killed Sigmund
  4659 | D:5      | Reached skill level 7 in Armour
  5965 | D:7      | Reached skill level 8 in Armour
  5995 | D:7      | Noticed Dowan
  6017 | D:7      | Killed Dowan
  6017 | D:7      | Reached XP level 9. HP: 69/79 MP: 8/8
  6043 | D:7      | Noticed Duvessa
  6054 | D:7      | Noticed maniek23's ghost (experienced MiFi)
  6609 | D:7      | Found a staircase to the Ecumenical Temple.
  6678 | D:7      | Killed maniek23's ghost
  6678 | D:7      | Reached skill level 9 in Armour
  6698 | Temple   | Entered the Ecumenical Temple
  7005 | D:7      | Killed Duvessa
  7119 | D:7      | Noticed Crazy Yiuf
  7124 | D:7      | Killed Crazy Yiuf
  7324 | D:8      | Found a staircase to the Lair.
  7574 | D:8      | Reached XP level 10. HP: 86/90 MP: 9/9
  7688 | D:8      | Reached skill level 1 in Evocations
  8415 | Lair:1   | Entered Level 1 of the Lair of Beasts
  8957 | Lair:1   | Noticed a four-headed hydra
  8975 | Lair:1   | Reached skill level 10 in Armour
  9097 | Lair:1   | Slain by a five-headed hydra

Vault maps used:
D:1:      lemuel_arrival_rhombus
D:2:      kiku_gazebo_pond_becter, makhleb_altar_promises_db,
          cheibriados_altar_1
D:4:      minmay_goblin_kobold_castle, grunt_temple_overflow_gold_and_silver
D:5:      corexii_shack_village, lemuel_coloured_pillars_altar,
          nicolae_qazlal_eye_of_the_storm, serial_glass, glass_columns_a,
          glass_columns_a, first_bread, st_stairs_10, uniq_sigmund
D:7:      lemuel_temple_firewalk, grunt_ogre_cave, kennysheep_small_circle,
          uniq_crazy_yiuf_cottage, uniq_duvessa
D:8:      lair_0_dummy, special_room
Temple:   triangle_lava_temple_11
Lair:1:   beast_lair_carwin_7

Action                   |  1- 3 |  4- 6 |  7- 9 | 10-12 || total
-------------------------+-------+-------+-------+-------++-------
Melee: War axe           |    70 |   134 |   378 |   103 ||   685
Throw: Throwing net      |       |       |     1 |       ||     1
Evoke: Wand              |       |       |       |     2 ||     2
  Use: Potion            |       |     1 |     6 |     2 ||     9
       Scroll            |       |       |     4 |       ||     4
  Eat: Chunk             |     1 |     5 |    11 |     4 ||    21
       Beef jerky        |       |       |     2 |       ||     2
       Pizza             |       |       |     1 |     1 ||     2
